 Dungeon Crawl Stone Soup version 0.31-a0-188-g5e087ee2ca (webtiles) character file.

Game seed: 13122299914755985515

517 qw the Skirmisher (level 7, -13/40 HPs)
             Began as a Deep Elf Hunter on June 23, 2023.
             Mangled by an ogre
             ... wielding a +0 giant club
              (17 damage)
             ... on level 5 of the Dungeon.
             The game lasted 00:01:13 (3821 turns).

qw the Skirmisher (Deep Elf Hunter)                 Turns: 3821, Time: 00:01:13

Health: -13/40     AC:  9    Str: 10    XL:     7   Next: 0%
Magic:  9/9        EV: 11    Int: 14    God:
Gold:   1042       SH:  0    Dex: 18    Spells: 6/6 levels left

rFire   . . .        Y - +0 shortbow
rCold   . . .        (shield currently unavailable)
rNeg    . . .        h - +3 ring mail
rPois   .            (no helmet)
rElec   .            (no cloak)
rCorr   .            a - +0 pair of gloves
SInv    .            (no boots)
Will    .....        (no amulet)
Stlth   +            (no ring)
HPRegen 0.26/turn    (no ring)
MPRegen 0.11/turn

%: no passive effects
@: no status effects
A: no striking features
a: no special abilities


You were on level 5 of the Dungeon.
You visited 1 branch of the dungeon, and saw 5 of its levels.

You collected 1042 gold pieces.


   Skills:
 - Level 2.0 Fighting
 + Level 10.3 Ranged Weapons
 - Level 1.0 Armour
 - Level 3.3 Dodging
 - Level 1.2 Stealth


You had 6 spell levels left.
You didn't know any spells.
Your spell library was empty.

Inventory:

Hand Weapons
 Y - a +0 shortbow (weapon)
Armour
 a - a +0 pair of gloves (worn)
 h - a +3 ring mail (worn)
Scrolls
 c - 2 scrolls of identify
Potions
 b - a potion of degeneration {unknown}
 f - a potion of curing
 g - a potion of haste {unknown}
 k - a potion of lignification {unknown}

Dungeon Overview and Level Annotations

Branches:
Dungeon (5/15)
 Temple: D:4-7

Altars:
Dithmenos
Elyvilon


Message History

You shoot an arrow. The arrow hits the dart slug.
The dart slug is heavily wounded.
The dart slug briefly extends its eye-stalks.
You shoot an arrow. The arrow hits the dart slug.
The dart slug is almost dead.
You shoot an arrow.
The arrow hits the dart slug but does no damage.
The dart slug is almost dead.
The dart slug briefly extends its eye-stalks.
You shoot an arrow. The arrow hits the dart slug.
You kill the dart slug!
Found an escape hatch in the ceiling.
Found a stone staircase leading down.
An ogre comes into view. It is wielding a +0 giant club.
You shoot an arrow.
The arrow hits the ogre but does no damage.
You hear a bark!
A hound comes into view.
You shoot an arrow. The arrow misses the hound.
The hound bites you but does no damage.
You shoot an arrow. The arrow barely misses the hound.
The arrow barely misses the ogre.
The hound barely misses you.
You shoot an arrow. The arrow hits the hound.
The hound is lightly wounded.
The hound bites you but does no damage. x2
You shoot an arrow. The arrow hits the hound!
The hound is severely wounded.
The hound bites you. The ogre closely misses you.
You shoot an arrow. The arrow hits the hound!
You kill the hound!
You have reached level 7!
You shoot an arrow. The arrow hits the ogre.
The ogre is lightly wounded.
The ogre hits you with a +0 giant club!!
Ouch! That really hurt!
You shoot an arrow. The arrow hits the ogre.
The ogre is moderately wounded.
The ogre hits you with a +0 giant club!
You die...

#####.....# +..##.#
## #####.###.# .#
##.....# #.# .
....##..###.##.#
#.##.. #..........
#.##.##.#
#..#.#.####
##.....#.###..#.#.#
......O@........#
#.###.........###
#^.>.....<#
#.##......... ...
########## ####


You could see an ogre.

Vanquished Creatures
  An ogre (D:4)
  A phantom (D:4)
  3 hounds
  2 orc priests (D:4)
  3 orc wizards (D:4)
  2 adders
  4 gnolls (D:4)
  An ufetubus (D:4)
  2 worms
  3 dart slugs
  6 orcs
  2 endoplasms
  A giant cockroach (D:2)
  4 goblins
  3 hobgoblins
  4 kobolds
  4 quokkas
  5 ball pythons
  4 bats
  3 frilled lizards (D:2)
  2 rats (D:1)
60 creatures vanquished.

Notes
Turn   | Place    | Note
-------+----------+-------------------------------------------
     0 | D:1      | qw the Deep Elf Hunter began the quest for the Orb.
     0 | D:1      | Reached XP level 1. HP: 12/12 MP: 3/3
     0 | D:1      | 0 ||| qw: Version: 0.3-a-9-g12657ce
     0 | D:1      | 0 ||| qw: Game counter: 4227
     0 | D:1      | 0 ||| qw: Always use a shield: true
     0 | D:1      | 0 ||| qw: God list: Okawaru
     0 | D:1      | 0 ||| qw: Allow faded altars: false
     0 | D:1      | 0 ||| qw: Do Orc after D:15 true
     0 | D:1      | 0 ||| qw: Do second Lair branch before Depths: true
     0 | D:1      | 0 ||| qw: Lair rune preference: random
     0 | D:1      | 0 ||| qw: Plans: Normal
     0 | D:1      | 0 ||| PLANNING D:1-11
   426 | D:1      | Found a faded altar of an unknown god.
   849 | D:1      | 849 ||| UPGRADING to +0 scale mail.
   859 | D:1      | 859 ||| DROPPING +0 leather armour.
   866 | D:1      | Found a shadowy altar of Dithmenos.
   869 | D:1      | 869 ||| DROPPING scroll of butterflies.
   898 | D:2      | Reached skill level 6 in Ranged Weapons
   898 | D:2      | Reached XP level 2. HP: 16/16 MP: 4/4
  1422 | D:2      | 1422 ||| UPGRADING to +3 ring mail.
  1432 | D:2      | 1432 ||| DROPPING +0 scale mail.
  1433 | D:2      | 1433 ||| READING scroll labelled HIL LIXECUUSK.
  1465 | D:2      | 1465 ||| READING 2 scrolls labelled WESECW FOUKUINT.
  1466 | D:2      | 1466 ||| READING scroll labelled ETU IWIAKLU ONAGG.
  1466 | D:2      | Identified a scroll of acquirement
  1466 | D:2      | 1466 ||| ACQUIRING 877 gold pieces
  1466 | D:2      | Acquired 877 gold pieces
  1468 | D:2      | 1468 ||| READING scroll labelled CYUMOO JUEPH.
  1469 | D:2      | 1469 ||| DRINKING 3 brown potions.
  1490 | D:3      | 1490 ||| STAIRDANCE
  1495 | D:2      | Reached XP level 3. HP: 11/20 MP: 5/5
  1841 | D:3      | Reached skill level 7 in Ranged Weapons
  2379 | D:3      | 2379 ||| UPGRADING to +0 pair of gloves.
  2384 | D:3      | 2384 ||| READING scroll labelled RADWEZX YSONE.
  2385 | D:3      | 2385 ||| READING scroll labelled TEMYAL CUNLU.
  2386 | D:3      | 2386 ||| DRINKING 2 bubbling sapphire potions.
  2387 | D:3      | 2387 ||| READING 2 scrolls of identify.
  2387 | D:3      | 2387 ||| IDENTIFYING inky potion
  2388 | D:3      | 2388 ||| DROPPING potion of invisibility.
  2389 | D:3      | 2389 ||| DROPPING potion of ambrosia.
  2447 | D:4      | Noticed an ogre
  2456 | D:4      | Killed an ogre
  2457 | D:4      | Reached skill level 8 in Ranged Weapons
  2457 | D:4      | Reached XP level 4. HP: 22/25 MP: 6/6
  2457 | D:4      | Reached XP level 5. HP: 25/29 MP: 7/7
  2668 | D:4      | 2668 ||| DRINKING 2 potions of curing.
  2668 | D:4      | 2668 ||| (to cure confusion)
  2675 | D:4      | Reached skill level 9 in Ranged Weapons
  2802 | D:4      | Reached XP level 6. HP: 35/35 MP: 8/8
  2829 | D:4      | Found a white marble altar of Elyvilon.
  3365 | D:4      | Reached skill level 10 in Ranged Weapons
  3481 | D:4      | Reached skill level 3 in Dodging
  3694 | D:4      | 3694 ||| READING scroll labelled XOBLID GIONA.
  3697 | D:4      | 3697 ||| READING scroll labelled ROMYCL UPTEOSM.
  3698 | D:4      | 3698 ||| READING scroll labelled DANUFEGGOGG.
  3718 | D:5      | Entered Level 5 of the Dungeon
  3763 | D:5      | Reached skill level 1 in Armour
  3820 | D:5      | Reached XP level 7. HP: 37/40 MP: 9/9
  3820 | D:5      | HP: 4/40 [ogre/+0 giant club (33)]
  3821 | D:5      | Mangled by an ogre

Levels and vault maps discovered:
D:1:      dpeg_arrival_lava_altar, layout_loops_corners,
          hellmonk_ecumenical_altar_blasted, roderic_roman_lattice,
          grunt_decor_clamped
D:2:      layout_basic
D:3:      layout_loops_corners
D:4:      layout_basic, amcnicky_altar_gilded
D:5:      layout_loops_ring, mainiacjoe_overflow_surrounded_room, serial_shops,
          shop

Skill      XL: |  1  2  3  4  5  6 |
---------------+-------------------+-----
Ranged Weapons | 6 8 9 10 | 10.3
Fighting       | 2 |  2.0
Dodging        | 3 |  3.3
Armour         | 1 |  1.0
Stealth        | |  1.2

Action                     |  1- 3 |  4- 6 |  7- 9 || total
---------------------------+-------+-------+-------++-------
   Fire: Shortbow          |   134 |   145 |     2 ||   281
    Use: Scroll            |     7 |     3 |       ||    10
         Potion            |     2 |     1 |       ||     3
 Armour: Scale mail        |    22 |       |       ||    22
         Ring mail         |     6 |    36 |       ||    42
  Dodge: Dodged            |    33 |    25 |       ||    58

Table legend:
 A = Non-vault XP
 B = Vault XP
 C = Vault XP percentage of total XP
 D = Non-vault monster count
 E = Vault monster count
 F = Vault count percentage of total count
                 A         B        C        D         E       F
            +---------+---------+-------+---------+---------+-------
      Total |     739 |       0 |   0.0 |      60 |       0 |   0.0
            +---------+---------+-------+---------+---------+-------
        D:1 |      11 |       0 |   0.0 |       7 |       0 |   0.0
        D:2 |      41 |       0 |   0.0 |      14 |       0 |   0.0
        D:3 |      41 |       0 |   0.0 |      14 |       0 |   0.0
        D:4 |     554 |       0 |   0.0 |      22 |       0 |   0.0
        D:5 |      92 |       0 |   0.0 |       3 |       0 |   0.0
            +---------+---------+-------+---------+---------+-------
